 Dungeon Crawl Stone Soup version 0.26-a0-670-g578ab304f5 (webtiles) character file.

Game seed: 5254735714640596523

174 PentaManta the Ruffian (level 5, -3/40 HPs)
             Began as a Ghoul Artificer on Oct 19, 2020.
             Slain by a gnoll
             ... wielding a +0 halberd
              (14 damage)
             ... on level 2 of the Dungeon.
             The game lasted 00:02:41 (2258 turns).

PentaManta the Ruffian (Ghoul Artificer)            Turns: 2258, Time: 00:02:41

Health: -3/40      AC:  8    Str: 17    XL:     5   Next: 54%
Magic:  4/4        EV:  4    Int:  6    God:
Gold:   85         SH:  0    Dex:  9    Spells: 4/4 levels left

rFire    . . .     SeeInvis .     - Unarmed
rCold    + . .     Faith    .   (no shield)
rNeg     + + +     Spirit   .   h - +0 chain mail
rPois    ∞         Reflect  .   (no helmet)
rElec    .         Harm     .   (no cloak)
rCorr    .         Rampage  .   (no gloves)
MR       .....                  (no boots)
Stlth    ..........             (no amulet)
HPRegen  0.00/turn              (no ring)
MPRegen  0.09/turn              (no ring)

@: held
A: rotting body, claws 1, cold resistance 1, negative energy resistance 3,
inhibited regeneration, torment resistance, unbreathing
a: no special abilities


You were on level 2 of the Dungeon.
You visited 1 branch of the dungeon, and saw 2 of its levels.

You collected 85 gold pieces.

Inventory:

Hand Weapons
 f - a +1 vorpal hunting sling
Armour
 b - a +0 leather armour
 h - a +0 chain mail (worn)
Wands
 c - a wand of flame (15)
 d - a wand of enslavement (15)
 e - a wand of random effects (15)
Scrolls
 a - 2 scrolls of amnesia {unknown}
 g - 5 scrolls of remove curse {unknown}
 i - 4 scrolls of identify {unknown}
 j - a scroll of magic mapping {unknown}
 l - 2 scrolls of teleportation {unknown}
 m - 2 scrolls of noise {unknown}
 o - a scroll of fog {unknown}
 p - a scroll of fear {unknown}
 q - a scroll of enchant armour {unknown}
Potions
 k - a potion of curing {unknown}
 n - 3 potions of heal wounds {unknown}


   Skills:
 - Level 1.1 Fighting
 - Level 1.7 Armour
 - Level 0.8 Dodging
 - Level 1.1 Stealth
 + Level 5.6 Unarmed Combat
 - Level 2.6 Evocations


You had 4 spell levels left.
You didn't know any spells.
Your spell library was empty.

Dungeon Overview and Level Annotations

Branches:
Dungeon (2/15)

Altars:


Innate Abilities, Weirdness & Mutations

Your body is rotting away.
You thrive by killing the living.
You are immune to poison.
You have sharp fingernails.
Your flesh is cold resistant. (rC+)
You are immune to negative energy. (rN+++)
You do not regenerate when monsters are visible.
You are immune to unholy pain and torment.
You can survive without breathing.


Message History

The gnoll hits you from afar with a +0 halberd!
Things that are here:
a +0 short sword; a +0 chain mail; the human corpse of Terence The gnoll throws a throwing net.
The throwing net hits you.
You become entangled in the net!
You see here a throwing net.
You struggle against the net.
The gnoll hits you from afar with a +0 halberd!
You struggle against the net.
The gnoll completely misses you.
You struggle against the net.
The gnoll hits you from afar with a +0 halberd.
* * * LOW HITPOINT WARNING * * *
You shred the net and break free! The gnoll barely misses you.
The gnoll throws a throwing net.
The throwing net hits you.
You become entangled in the net!
You see here a throwing net.
You struggle against the net.
You tear a large gash into the net.
The gnoll hits you from afar with a +0 halberd!
You die...

..# #............##.# #.#
..#
#............##.########.#
..#
#............##.#........#
..#
#............##.#.########
### #............##.#...# .#
###############.###.# .#
#...............#...# .#
#)###...........#.### .#
#.#......g@<..#....### .#
#.#.#...g...#.#.#....# .#
#g#.##.............#.#
.######.#....####(.......#.#
......#)###### ########.#.#
......#.######## #.#.#
................ #.#.#
..............g. #.#.#
................ #.#.######


You could see 2 gnolls.

Vanquished Creatures
  Terence (D:2)
  Natasha (thrice) (D:2)
  A gnoll (D:2)
  2 adders (D:2)
  A worm (D:2)
  3 dart slugs
  2 leopard geckos
  A ball python (D:2)
  A giant cockroach (D:2)
  5 goblins
  5 hobgoblins
  3 jackals (D:1)
  2 bats (D:1)
  2 frilled lizards (D:1)
  5 kobolds (D:1)
  5 rats
42 creatures vanquished.

Notes
Turn   | Place    | Note
-------+----------+-------------------------------------------
     0 | D:1      | PentaManta the Ghoul Artificer began the quest for the Orb.
     0 | D:1      | Reached XP level 1. HP: 16/16 MP: 0/0
   227 | D:1      | Reached skill level 1 in Unarmed Combat
   274 | D:1      | Reached XP level 2. HP: 21/23 MP: 1/1
   376 | D:1      | Reached skill level 2 in Unarmed Combat
   824 | D:1      | Reached XP level 3. HP: 28/28 MP: 2/2
   985 | D:1      | Reached skill level 3 in Unarmed Combat
  1456 | D:2      | Reached XP level 4. HP: 14/35 MP: 3/3
  1671 | D:2      | Noticed Natasha
  1682 | D:2      | Killed Natasha
  1682 | D:2      | Reached skill level 4 in Unarmed Combat
  1715 | D:2      | Noticed Natasha
  1724 | D:2      | Killed Natasha
  1732 | D:2      | Noticed Natasha
  1747 | D:2      | Killed Natasha
  1747 | D:2      | Reached skill level 5 in Unarmed Combat
  1747 | D:2      | Reached XP level 5. HP: 33/40 MP: 4/4
  2146 | D:2      | Noticed Terence
  2155 | D:2      | Killed Terence
  2258 | D:2      | Slain by a gnoll

Illustrated notes

Levels and vault maps discovered:
D:1:      dpeg_arrival_three_smaller_balls, layout_loops_corners,
          minmay_door_square, chequers_serial_rivers_micro_a
D:2:      layout_basic, uniq_natasha, uniq_terence

Skill      XL: |  1  2  3  4 |
---------------+-------------+-----
Unarmed Combat | 1 2 3 5 |  5.6
Fighting       | |  1.1
Armour         | |  1.7
Dodging        | |  0.8
Stealth        | |  1.1
Evocations     | |  2.6

Action                   |  1- 3 |  4- 6 || total
-------------------------+-------+-------++-------
Melee: Unarmed           |   126 |    47 ||   173
       Punch             |     1 |     2 ||     3
Armor: Chain mail        |    60 |    11 ||    71
Dodge: Dodged            |    43 |    15 ||    58

Table legend: (Time is in decaauts)
 A = Elapsed time spent in this place.
 B = Non-inter-level travel time spent in this place.
 C = Inter-level travel time spent in this place.
 D = Time resting spent in this place.
 E = Time spent auto-exploring this place.
 F = Levels seen in this place.
 G = Mean time per level.
                   A        B        C        D        E       F      G
               +--------+--------+--------+--------+--------+-----+--------+
         Total |   2269 |   2237 |     32 |    201 |   1676 |   2 | 1134.5 |
       Dungeon |   2269 |   2237 |     32 |    201 |   1676 |   2 | 1134.5 |
               +--------+--------+--------+--------+--------+-----+--------+

Top non-repeatable levels by time:
     D:1: 1240 daAuts
     D:2: 1029 daAuts
